 Dungeon Crawl Stone Soup version 0.21.0 (webtiles) character file.

16682 MDvedh the Basher (level 12, 0/76 HPs)
             Began as a Gargoyle Air Elementalist on Jan 7, 2018.
             Was an Elder of the Shining One.
             Slain by a wolf spider simulacrum (3 damage)
             ... in an ice cave.
             The game lasted 00:21:40 (13906 turns).

MDvedh the Basher (Gargoyle Air Elementalist)      Turns: 13906, Time: 00:21:41

Health: 0/76       AC: 29    Str: 15    XL:     12   Next: 40%
Magic:  15/15      EV: 12    Int: 17    God:    the Shining One [****..]
Gold:   616        SH:  4    Dex: 13    Spells: 15/15 levels left

rFire    x . .     SeeInvis .   j - +3 flail (protect)
rCold    + . .     Gourm    .   (no shield)
rNeg     + + +     Faith    +   w - +0 chain mail
rPois    ∞         Spirit   .   g - +1 helmet
rElec    +         Reflect  .   (no cloak)
rCorr    .         Harm     .   (no gloves)
MR       .....                  (no boots)
Stlth    ..........             y - amulet of faith
HPRegen  0.22/turn              d - +3 ring of evasion
MPRegen  0.14/turn              o - ring of ice

@: protection aura, glowing
A: large bone plates 1, agile 1, negative energy resistance 1, electricity
resistance, wild magic 1, unbreathing, petrification resistance, rot immunity,
AC +8
a: Divine Shield, Cleansing Flame, Renounce Religion


You were in an ice cave.
You worshipped the Shining One.
The Shining One was greatly pleased with you.
You were not hungry.

You visited 3 branches of the dungeon, and saw 13 of its levels.
You visited the Abyss 1 time.
You also visited: Ossuary and Ice Cave.

You collected 616 gold pieces.

Inventory:

Hand Weapons
 j - a +3 flail of protection (weapon)
 u - a +0 flail
 v - a +0 whip of flaming
Armour
 g - a +1 helmet (worn)
 n - a +0 scale mail
 w - a +0 chain mail (worn)
Jewellery
 b - an uncursed amulet of harm {unknown}
 d - a +3 ring of evasion (left hand)
 o - a ring of ice (right hand)
 y - an amulet of faith (around neck)
Scrolls
 a - 3 scrolls of enchant armour
 f - 2 scrolls of magic mapping
 l - 8 scrolls of remove curse
 t - 4 scrolls of teleportation
 D - 2 scrolls of enchant weapon
 F - a scroll of fog
Potions
 e - 4 potions of haste
 h - 8 potions of curing
 i - 4 potions of heal wounds
 k - 5 potions of flight
 p - a potion of cancellation
 q - a potion of mutation
 r - 3 potions of lignification
 s - a potion of magic {unknown}
 x - 2 potions of resistance
 z - a potion of might {unknown}
 A - 2 potions of brilliance {unknown}
Comestibles
 c - 19 rations


   Skills:
 + Level 9.1 Fighting
 - Level 14.0 Maces & Flails
 + Level 9.0 Armour
 + Level 6.2 Dodging
 - Level 2.1 Stealth
 - Level 2.0 Spellcasting
   Level 1.1 Conjurations
   Level 2.4 Air Magic


You had 15 spell levels left.
You didn't know any spells.

Dungeon Overview and Level Annotations

Branches:
Dungeon (11/15)            Temple (1/1) D:4            Lair (1/6) D:11
    Orc (0/2) D:10

Altars:
Ashenzari
Cheibriados
Dithmenos
Elyvilon
Fedhas
Gozag
Hepliaklqana
Kikubaaqudgha
Makhleb
Nemelex Xobeh
Okawaru
Qazlal
Ru
Sif Muna
Trog
Uskayaw
Vehumet
Wu Jian
Xom
Yredelemnul
Zin
The Shining One

Shops:
D:9 :


Innate Abilities, Weirdness & Mutations

You are resistant to torment.
Your stone body is resilient. (AC +8)
You are immune to poison.
You resist negative energy. (rN+)
You are resistant to electric shocks. (rElec)
You can survive without breathing.
You are immune to petrification.
You are immune to rotting.
You are partially covered in large bone plates. (SH +4)
You are agile. (Dex +2)
Your spells are a little harder to cast, but a little more powerful.


Message History

Unknown command.
You hit the wolf spider simulacrum.
Your weapon exudes an aura of protection.
The wolf spider simulacrum is lightly damaged.
The wolf spider simulacrum hits you! The wolf spider simulacrum freezes you!
You resist.
The wolf spider simulacrum bites you but does no damage.
The wolf spider simulacrum hits you. The wolf spider simulacrum freezes you!
You resist. The wolf spider simulacrum bites you.
The wolf spider simulacrum freezes you! You resist.
* * * LOW HITPOINT WARNING * * *
You bludgeon the wolf spider simulacrum!!
The wolf spider simulacrum is almost destroyed.
The wolf spider simulacrum misses you. The wolf spider simulacrum bites you.
* * * LOW HITPOINT WARNING * * *
The wolf spider simulacrum freezes you! You resist.
* * * LOW HITPOINT WARNING * * *
The wolf spider simulacrum closely misses you.
The wolf spider simulacrum bites you.
You die...

#### ##..##
##....###
#....@ZZ##..
#.∩.∩.ZZ....#
#..........##
##....##..##
##..## ###
####


You could see a death yak simulacrum, an elephant simulacrum and 2 wolf spider
simulacra.

Vanquished Creatures
  Josephine (D:10)
  Fannar (D:10)
  Erolcha (D:11)
  Erica (D:9)
  3 two-headed ogres
  Sonja (D:11)
  Pikel (D:4)
  A cyclops (D:10)
  Joseph (D:7)
  2 rime drakes (Lair:1)
  2 komodo dragons (Lair:1)
  Grinder (D:5)
  2 hippogriffs
  6 yaks (D:9)
  A basilisk (D:9)
  4 wraiths
  Grum (D:9)
  2 wyverns
  A hungry ghost (D:8)
  2 wargs (D:11)
  The ghost of mopl the Slasher, an amateur TeSk of Ashenzari (D:4)
  A water moccasin (Lair:1)
  A swamp drake (D:10)
  2 porcupines (Lair:1)
  A phantom (D:10)
  4 orc warriors
  An ice beast (D:8)
  An eye of draining (D:8)
  A black bear (D:11)
  2 sky beasts
  2 necrophages
  3 ogres
  4 wolves
  11 centaurs
  A crocodile (Lair:1)
  3 big kobolds (D:9)
  2 bullfrogs
  A water moccasin zombie (Ossuary)
  A scorpion (D:11)
  9 killer bees
  4 howler monkeys
  5 crimson imps
  A quasit (D:11)
  7 hounds
  8 jellies
  A centaur skeleton (D:11)
  6 orc priests
  A gnoll shaman (D:6)
  17 orc wizards
  Natasha (twice) (D:3)
  2 iguanas
  5 worker ants
  3 big kobold zombies (Ossuary)
  A hound zombie (D:10)
  2 hound skeletons
  3 mummies
  A howler monkey zombie (D:9)
  9 gnolls
  18 adders
  A shadow imp (D:5)
  8 oozes
  5 adder zombies (Ossuary)
  2 worms
  2 dart slugs
  5 leopard geckos
  39 orcs
  7 bats
  6 giant cockroaches
  3 gnoll zombies (Ossuary)
  8 goblins
  8 hobgoblins
  2 jackals (D:6)
  28 kobolds
  4 quokkas
  4 frilled lizards
  A goblin zombie (D:4)
  7 hobgoblin zombies (Ossuary)
  2 jackal skeletons (D:5)
  5 kobold zombies (Ossuary)
  A leopard gecko skeleton (D:4)
  2 orc zombies (Ossuary)
  4 quokka skeletons
  A quokka zombie (D:5)
  10 rats
348 creatures vanquished.

Vanquished Creatures (others)
  A slave (D:4)
  A howler monkey (D:4)
  An orc wizard (D:4)
  An adder skeleton (D:4)
  An orc (D:4)
  An orc zombie (D:4)
6 creatures vanquished.

Grand Total: 354 creatures vanquished

Notes
Turn   | Place    | Note
-------+----------+-------------------------------------------
     0 | D:1      | MDvedh the Gargoyle Air Elementalist began the quest for the Orb.
     0 | D:1      | Reached XP level 1. HP: 10/10 MP: 3/3
    82 | D:1      | Reached skill level 1 in Fighting
    82 | D:1      | Reached skill level 1 in Armour
   119 | D:1      | Reached XP level 2. HP: 7/16 MP: 1/5
   788 | D:1      | Reached XP level 3. HP: 16/20 MP: 6/6
   802 | D:1      | Reached skill level 1 in Maces & Flails
  1381 | D:2      | Found a sparkling altar of Nemelex Xobeh.
  1437 | D:2      | Reached XP level 4. HP: 10/26 MP: 0/7
  1943 | D:2      | Reached skill level 2 in Maces & Flails
  2589 | D:3      | Reached XP level 5. HP: 22/31 MP: 8/8
  2797 | D:3      | Reached skill level 3 in Maces & Flails
  2962 | D:3      | Noticed Natasha
  2983 | D:3      | Killed Natasha
  3211 | D:3      | Noticed Natasha
  3229 | D:3      | Killed Natasha
  3229 | D:3      | Reached XP level 6. HP: 16/37 MP: 9/9
  3912 | D:4      | Noticed a slave
  3913 | D:4      | Noticed a slave
  3915 | D:4      | Noticed Pikel
  3915 | D:4      | Noticed a slave
  3916 | D:4      | Noticed a slave
  3919 | D:4      | Found a sand-covered staircase.
  3935 | Ossuary  | Entered an ossuary
  4132 | Ossuary  | Reached skill level 4 in Maces & Flails
  4312 | Ossuary  | Reached XP level 7. HP: 20/42 MP: 10/10
  5034 | D:4      | Reached skill level 5 in Maces & Flails
  5035 | D:4      | Found a staircase to the Ecumenical Temple.
  5097 | Temple   | Entered the Ecumenical Temple
  5206 | Temple   | Became a worshipper of the Shining One
  5382 | D:4      | Killed Pikel
  5382 | D:4      | Reached skill level 7 in Maces & Flails
  5382 | D:4      | Reached XP level 8. HP: 41/48 MP: 11/11
  5431 | D:4      | Found a shattered altar of Ashenzari.
  5714 | D:4      | Noticed mopl's ghost (amateur TeSk)
  5728 | D:4      | Killed mopl's ghost
  5728 | D:4      | Reached skill level 8 in Maces & Flails
  6252 | D:5      | Entered Level 5 of the Dungeon
  6265 | D:5      | Noticed Grinder
  6273 | D:5      | Killed Grinder
  6273 | D:5      | Reached skill level 9 in Maces & Flails
  6280 | D:5      | Found a deep blue altar of Sif Muna.
  6306 | D:5      | Reached * piety under the Shining One
  6402 | D:5      | Reached XP level 9. HP: 49/52 MP: 12/12
  7135 | D:6      | Reached skill level 10 in Maces & Flails
  8182 | D:7      | Noticed Joseph
  8205 | D:7      | Killed Joseph
  8205 | D:7      | Reached skill level 11 in Maces & Flails
  8245 | D:7      | Reached ** piety under the Shining One
  8431 | D:8      | Reached skill level 12 in Maces & Flails
  8457 | D:8      | Reached XP level 10. HP: 31/57 MP: 6/13
  9059 | D:8      | Noticed a two-headed ogre
  9074 | D:8      | Killed a two-headed ogre
  9074 | D:8      | Reached skill level 13 in Maces & Flails
  9237 | D:8      | Found a radiant altar of Vehumet.
  9238 | D:8      | Found an iron altar of Okawaru.
  9464 | D:9      | Noticed Erica
  9485 | D:9      | Killed Erica
  9493 | D:9      | HP: 2/57 [acid (4)]
  9494 | D:9      | Reached skill level 14 in Maces & Flails
  9988 | D:9      | Reached *** piety under the Shining One
 10166 | D:9      | Reached skill level 5 in Fighting
 10166 | D:9      | Reached skill level 5 in Armour
 10166 | D:9      | Reached XP level 11. HP: 59/63 MP: 10/14
 10305 | D:9      | Found Zixzio Bury's Book Emporium.
 10426 | D:9      | Found an ancient bone altar of Kikubaaqudgha.
 10597 | D:10     | Entered Level 10 of the Dungeon
 10760 | D:10     | Noticed Grum
 10760 | D:10     | Noticed a two-headed ogre
 10763 | D:10     | Noticed Fannar
 10835 | D:9      | Killed a two-headed ogre
 11098 | D:9      | Killed Grum
 11150 | D:10     | Killed Fannar
 11430 | D:10     | Found a staircase to the Orcish Mines.
 11678 | D:10     | Noticed Josephine
 12009 | D:10     | Killed Josephine
 12074 | D:10     | Noticed a cyclops
 12074 | D:10     | Reached **** piety under the Shining One
 12084 | D:10     | Killed a cyclops
 12084 | D:10     | Reached skill level 5 in Dodging
 12487 | D:11     | Noticed Erolcha
 12487 | D:11     | Noticed a two-headed ogre
 12517 | D:11     | Killed a two-headed ogre
 12521 | D:11     | Cast into level 2 of the Abyss (Erolcha)
 12522 | Abyss:2  | Found a corrupted altar of Lugonu.
 12528 | Abyss:2  | Noticed an orb spider
 12547 | D:11     | Escaped the Abyss
 12557 | D:11     | Killed Erolcha
 12557 | D:11     | Reached XP level 12. HP: 61/73 MP: 15/15
 12627 | D:11     | Noticed Sonja
 13069 | D:11     | Found a staircase to the Lair.
 13191 | D:11     | Killed Sonja
 13519 | D:11     | Gained mutation: You are agile. (Dex +2) [potion of mutation]
 13519 | D:11     | Gained mutation: You are partially covered in large bone plates. (SH +4) [potion of mutation]
 13519 | D:11     | Gained mutation: Your spells are a little harder to cast, but a little more powerful. [potion of mutation]
 13578 | Lair:1   | Entered Level 1 of the Lair of Beasts
 13729 | Lair:1   | Found a frozen archway.
 13902 | IceCv    | Entered an ice cave
 13906 | IceCv    | HP: 3/76 [wolf spider simulacrum (14)]
 13906 | IceCv    | Slain by a wolf spider simulacrum

Skill      XL: |  1  2  3  4  5  6  7  8  9 10 11 12 |
---------------+-------------------------------------+-----
Fighting       | 1 2 3 4 5 8 9 |  9.1
Armour         | 1 2 3 4 5 8 9 |  9.0
Maces & Flails | 1 2 3 4 7 9 12 14 | 14.0
Dodging        | 2 5 6 |  6.2
Stealth        | |  2.1
Spellcasting   | |  2.0
Conjurations   | |  1.1
Air Magic      | |  2.4

Action                   |  1- 3 |  4- 6 |  7- 9 | 10-12 || total
-------------------------+-------+-------+-------+-------++-------
Melee: Unarmed           |     8 |       |       |       ||     8
       Mace              |    90 |   421 |   142 |       ||   653
       Short sword       |    16 |       |       |       ||    16
       Flail             |       |       |   346 |   740 ||  1086
       Whip              |       |       |    11 |       ||    11
 Cast: Shock             |    20 |    14 |       |       ||    34
Invok: Divine Shield     |       |       |       |     4 ||     4
Evoke: Wand              |       |       |       |     3 ||     3
  Use: Potion            |       |       |     2 |     1 ||     3
       Scroll            |       |       |    10 |    12 ||    22
 Stab: Sleeping          |     5 |     4 |       |       ||     9
  Eat: Chunk             |     2 |     6 |     6 |     9 ||    23
       Ration            |       |     1 |     3 |     4 ||     8
Armor: Robe              |    44 |    44 |       |       ||    88
       Scale mail        |       |   174 |    99 |       ||   273
       Chain mail        |       |       |   181 |   430 ||   611
Dodge: Dodged            |   109 |   289 |   278 |   344 ||  1020
Block: Other             |       |       |       |    24 ||    24
